cohdb
Replays
Latest Replays
All Replays
Popular Replays
Top Player Replays
Match Explorer
How It Works
Community
CoH3 Stats
Reddit
Sign in to upload your games and track your stats! →
Sign in with Steam
USF Ranger Battlegroup, Comback....
Match 35742510
Overview
Messages
Build Orders
End
Construct Section Command Post
Infantry Section
Infantry Section
Infantry Section
Grenade Package
Construct Field Infirmary
Construct Platoon Command Post
Selects Indian Artillery Battlegroup
Selects Valour
Selects Gurkha Rifles Section
Construct Company Command Post
Matilda II Heavy Tank
Vickers Machine Gun Team
6-pounder Anti-tank Gun Team
Matilda II Heavy Tank
Selects Volunteer Infantry
Selects Artillery Saturation
Selects Off-map Airburst Barrage
Infantry Section
Unlock M3 Grant Medium Tanks
Infantry Training
Off-map Airburst Barrage
M3 Grant Medium Tank
Off-map Airburst Barrage
Selects BL5.5 Artillery Emplacement
Off-map Airburst Barrage
Armored Vehicle Training
M3 Grant Medium Tank
Off-map Airburst Barrage
BusinessPenguin
Tea Cup
Mochi_flamer
TwistedTootsy
T.R. Thoton
Crow
Flankenheinz
PMC
0
0
Comments
sign in to comment!
No comments posted yet!